 Dungeon Crawl Stone Soup version 0.16-a0-764-g7febf84 (webtiles) character file.

372 RobertPalmer the Covert (level 6, -1/39 HPs)
             Began as an Octopode Assassin on Sept 24, 2014.
             Killed by nerve-wracking pain
             ... invoked by a shadow imp
              (5 damage)
             ... on Level 5 of the Dungeon.
             The game lasted 00:11:37 (6642 turns).

RobertPalmer the Covert (Octopode Assassin)         Turns: 6642, Time: 00:11:37

HP  -1/39        AC  1     Str 11      XL: 6   Next: 71%
MP   6/6         EV 12     Int 13      God:
Gold 245         SH  0     Dex 15      Spells:  0 memorised,  5 levels left

rFire  . . .     SeeInvis .     a - +1 dagger (venom)
rCold  . . .     Clarity  .     (no shield)
rNeg   . . .     rCorr    .     (helmet restricted)
rPois  .         rRot     .     (no amulet)
rElec  .         Spirit   .     (no ring)
SustAb .         Warding  .     (no ring)
rMut   .         Stasis   .     (no ring)
Gourm  .                        (no ring)
MR     .....                    (no ring)
                                (no ring)
                                (no ring)
                                (no ring)

@: not resistant to hostile enchantments, quite stealthy
A: almost no armour, amphibious, 8 rings, constrict 8, camouflage 1, gelatinous
body 1
a: no special abilities


You were on level 5 of the Dungeon.
You were not hungry.

You visited 1 branch of the dungeon, and saw 5 of its levels.

You collected 245 gold pieces.


Innate Abilities, Weirdness & Mutations

You cannot wear most types of armour.
You are amphibious.
You can wear up to eight rings at the same time.
You can use your tentacles to constrict many enemies at once.
Your skin changes colour to match your surroundings (Stealth).
Your rubbery body absorbs attacks (AC +1).


   Skills:
 - Level 2.0 Fighting
 - Level 2.2 Short Blades
 - Level 2.0 Throwing
 - Level 1.0 Dodging
 - Level 8.5 Stealth
 + Level 4.4 Shields


You had 5 spell levels left.
You didn't know any spells.

Inventory:

Hand weapons
 a - a +1 dagger of venom (weapon)
 b - a +0 blowgun
 j - a cursed -1 short sword
 r - a cursed +0 shortbow
Missiles
 e - 19 poisoned needles
 f - 2 curare-tipped needles
 i - 35 stones (quivered)
 o - 6 needles of paralysis
Armour
 s - a +1 buckler
Magical devices
 u - a wand of lightning (5)
Comestibles
 c - a meat ration
 g - 5 bread rations
 l - 7 fruits
 q - a slice of pizza
 t - a rotting chunk of hobgoblin flesh {@*1}
Scrolls
 m - a scroll of fear
 v - a scroll of enchant weapon {unknown}
Potions
 d - a potion of restore abilities {unknown}
 h - 3 potions of curing
 k - a potion of agility {unknown}
 n - 2 potions of haste {unknown}
Books
 p - a book of the Dragon

Dungeon Overview and Level Annotations

Branches:
Dungeon (5/15)
 Temple: D:4-7

Altars:
Fedhas
Kikubaaqudgha
Nemelex Xobeh

Annotations:
D:3 Jessica
D:5 inmateoo's ghost, experienced GrMo

......Y #.#..#
.......##.#..#
.......##.#..#
#..........5W.#
#...?..[.#.##.#
#........#.##.####
.......#.#...5...#
####.WZ5####.##.#
+.@...%...# #
#....###### #....#
#..(.# #....#
#....# #....#
######


You could see an ice beast (fleeing), inmateoo's ghost, a shadow imp and an
adder zombie.


Message History

Found a scroll labeled SESICO KOISS.
Found a stone staircase leading down.
The ice beast hits you. The ice beast freezes you!
* * * LOW HITPOINT WARNING * * *
The ice beast hits you.
* * * LOW HITPOINT WARNING * * *
The ice beast freezes you.
* * * LOW HITPOINT WARNING * * *
Read which item? (? for menu, Esc to quit)
Okay, then.
The shadow imp spits at you. The adder zombie bites you.
* * * LOW HITPOINT WARNING * * *
Read which item? (? for menu, Esc to quit)
As you read the scroll of fear, it crumbles to dust.
You assume a fearsome visage.
The ice beast looks frightened!
The adder zombie is unaffected.
The shadow imp is unaffected.
The adder zombie bites you.
* * * LOW HITPOINT WARNING * * *
Unknown command.
Drink which item? (? for menu, Esc to quit)
You feel better.
It was a potion of curing.
The adder zombie closely misses you. The adder zombie closely misses you.
There is a stone staircase leading up here.
The adder zombie bites you.
* * * LOW HITPOINT WARNING * * *
The shadow imp gestures at you. Pain shoots through your body!
You die...

Action                   |  1- 3 |  4- 6 || total
-------------------------+-------+-------++-------
Melee: Dagger            |    67 |   129 ||   196
 Fire: Blowgun           |     6 |    18 ||    24
Throw: Stone             |       |    13 ||    13
Evoke: Wand              |       |     2 ||     2
  Use: Scroll            |       |    10 ||    10
       Potion            |       |     1 ||     1
 Stab: Sleeping          |    12 |    27 ||    39
       Distracted        |       |     3 ||     3
  Eat: Chunk             |     3 |    13 ||    16
       Beef jerky        |       |     1 ||     1

Vault maps used:
D:1:      evilmike_arrival_hilbert_curve, dk_noncrumbling_1
D:3:      grunt_temple_overflow_growth_and_decay, uniq_jessica, uniq_iyjb,
          uniq_terence
D:4:      first_bread, nemelex_dance_club_becter
D:5:      temple_statues, serial_shops, shop

Notes
Turn   | Place    | Note
--------------------------------------------------------------
     0 | D:1      | RobertPalmer, the Octopode Assassin, began the quest for the Orb.
     0 | D:1      | Reached XP level 1. HP: 14/14 MP: 1/1
   292 | D:1      | Reached skill level 6 in Stealth
   292 | D:1      | Reached XP level 2. HP: 17/19 MP: 2/2
  1067 | D:1      | Reached XP level 3. HP: 22/24 MP: 3/3
  1435 | D:2      | Reached skill level 7 in Stealth
  1914 | D:2      | Reached XP level 4. HP: 29/29 MP: 4/4
  2482 | D:2      | Reached skill level 8 in Stealth
  2506 | D:2      | HP: 2/29 [poisoned by an adder]
  2514 | D:2      | HP: 1/29 [poisoned by an adder]
  3211 | D:3      | Noticed Ijyb
  3225 | D:3      | Killed Ijyb
  3422 | D:3      | Noticed Jessica
  3425 | D:3      | Noticed Terence
  3449 | D:2      | Reached XP level 5. HP: 31/34 MP: 5/5
  3802 | D:3      | Reached skill level 1 in Shields
  4455 | D:3      | Found an ancient bone altar of Kikubaaqudgha.
  4456 | D:3      | Found a blossoming altar of Fedhas.
  5371 | D:3      | Killed Terence
  5371 | D:3      | Reached skill level 2 in Shields
  5710 | D:4      | Reached XP level 6. HP: 39/39 MP: 6/6
  5760 | D:4      | Reached skill level 3 in Shields
  5866 | D:4      | HP: 3/39 [something (36)]
  6289 | D:4      | Reached skill level 4 in Shields
  6428 | D:4      | Found a sparkling altar of Nemelex Xobeh.
  6611 | D:5      | Entered Level 5 of the Dungeon
  6623 | D:5      | Noticed inmateoo's ghost (experienced GrMo)
  6638 | D:5      | HP: 1/39 [adder zombie[a shadow imp] (3)]
  6642 | D:5      | Killed from afar by a shadow imp

Vanquished Creatures
  A scorpion (D:4)
  2 orc wizards
  A worker ant (D:4)
  Ijyb (D:3)
  Terence (D:3)
  8 adders
  5 worms
  3 giant geckos
  An ooze (D:4)
  13 orcs
  A ball python (D:3)
  8 bats
  7 giant cockroaches
  15 hobgoblins
  5 jackals
  6 kobolds
  5 giant newts
  A giant spore (D:4)
  11 goblins
  10 rats
  A ballistomycete (D:4)
106 creatures vanquished.

Vanquished Creatures (others)
  A giant spore (D:4)
1 creature vanquished.

Grand Total: 107 creatures vanquished
